 Dungeon Crawl Stone Soup version 0.32-a0-918-g0f22ef8d61 (webtiles) character file.

Game seed: 3981632373752334048

20853 BenSoosneb the Spry (level 12, -7/51 HPs)
             Began as a Spriggan Enchanter on Apr 10, 2024.
             Was a Priest of Dithmenos.
             Killed by divine providence
             ... invoked by a meliai
              (13 damage)
             ... on level 13 of the Dungeon.
             The game lasted 01:45:32 (17687 turns).

BenSoosneb the Spry (Spriggan Enchanter)           Turns: 17687, Time: 01:45:33

Health: -7/51      AC:  9    Str:  4    XL:     12   Next: 49%
Magic:  15/22      EV: 23    Int: 26    God:    Dithmenos [***...]
Gold:   949        SH:  5    Dex: 15    Spells: 10/23 levels left

rFire   . . .        v - +4 dagger (freeze)
rCold   . . .        (no shield)
rNeg    . . .        a - +0 troll leather armour
rPois   +            G - +0 hat {Will+}
rElec   .            p - +1 cloak
rCorr   .            (gloves unavailable)
SInv    +            (boots unavailable)
Will    ++++.        e - amulet "Iggoda Xaud" {Reflect rPois Will+ Int+4 SH+5}
Stlth   ++++++++     h - +4 ring of protection
HPRegen 1.08/turn    j - ring of poison resistance
MPRegen 0.18/turn

%: reflection
@: about to teleport, wreathed by umbra, very quick
A: very small, no large weapons, unfitting armour, see invisible, speed 3
a: Renounce Religion, Shadow Step


You were on level 13 of the Dungeon.
You worshipped Dithmenos.
Dithmenos was most pleased with you.
You visited 2 branches of the dungeon, and saw 14 of its levels.

You collected 949 gold pieces.

Inventory:

Hand Weapons
 v - a +4 dagger of freezing (weapon)
Missiles
 D - 10 poisoned darts (quivered)
Armour
 a - a +0 troll leather armour (worn)
 b - a +1 robe
 p - a +1 cloak (worn)
 s - +0 swamp dragon scales
 G - a +0 hat of willpower (worn)
Jewellery
 e - the amulet "Iggoda Xaud" (around neck) {Reflect rPois Will+ Int+4 SH+5}
   (You acquired it on level 5 of the Dungeon)

   [amulet of reflection]

   Reflect:   It reflects blocked missile attacks.
   Int+4:     It affects your intelligence (+4).
   rPois:     It protects you from poison.
   Will+:     It increases your willpower.
   SH+5:      It affects your SH (+5).
 g - a ring of fire
 h - a +4 ring of protection (left hand)
 j - a ring of poison resistance (right hand)
 m - a ring of protection from cold
 x - a ring of resist corrosion
Wands
 i - a wand of polymorph (21)
 o - a wand of iceblast (28)
 q - a wand of digging (6)
 w - a wand of paralysis (16)
 C - a wand of acid (4)
Scrolls
 d - 6 scrolls of teleportation
 l - 2 scrolls of blinking
 t - 2 scrolls of immolation
 u - a scroll of torment
 y - a scroll of identify
 K - 2 scrolls of summoning
 L - a scroll of revelation
Potions
 c - 2 potions of invisibility
 f - 8 potions of curing
 k - 2 potions of brilliance
 n - 2 potions of lignification
 r - 2 potions of cancellation
 z - 3 potions of attraction
 A - 4 potions of haste
 B - 2 potions of heal wounds
 E - 2 potions of berserk rage
 F - a potion of mutation
 H - 2 potions of enlightenment
 I - a potion of magic
 J - a potion of resistance {unknown}


   Skills:
 - Level 14.1 Short Blades
 - Level 15.0 Dodging
 * Level 13.7 Stealth
 - Level 6.0 Spellcasting
 - Level 8.0 Hexes
 - Level 5.0 Translocations


You had 10 spell levels left.
You knew the following spells:

 Your Spells              Type           Power      Damage    Failure   Level
a - Ensorcelled Hibernat  Hex/Ice        56%        N/A       3%          2
b - Confusing Touch       Hex            49%        N/A       1%          3
c - Tukima's Dance        Hex            49%        N/A       1%          3
d - Dazzling Flash        Conj/Hex       56%        N/A       7%          3
e - Blink                 Tloc           68%        N/A       2%          2

Your spell library contained the following spells:

 Spells                   Type           Power      Damage    Failure   Level
 Lesser Beckoning         Tloc           68%        N/A       2%          2
 Momentum Strike          Conj/Tloc      42%        3d9       7%          2
 Kiss of Death            Conj/Necr      28%        2d7       12%         1
 Magic Dart               Conj           28%        1d4       12%         1
 Passage of Golubria      Tloc           34%        N/A       16%         4
 Cigotuvi's Dreadful Rot  Necr/Alch/Air  14%        N/A       19%         2
 Searing Ray              Conj           14%        2d5       19%         2
 Frozen Ramparts          Ice            14%        1d3       36%         3
 Ozocubu's Armour         Ice            7%         N/A       36%         3
 Passwall                 Erth           7%         N/A       36%         3
 Swiftness                Air            7%         N/A       36%         3
 Metabolic Englaciation   Hex/Ice        14%        N/A       54%         5
 Silence                  Hex/Air        14%        N/A       54%         5
 Summon Mana Viper        Hex/Summ       28%        N/A       54%         5
 Animate Armour           Summ/Erth      14%        N/A       77%         4
 Dispel Undead            Necr           7%         3d8       77%         4
 Fulminant Prism          Conj/Alch      3%         3d5       77%         4
 Martyr's Knell           Necr/Summ      7%         N/A       77%         4
 Summon Lightning Spire   Summ/Air       7%         N/A       77%         4
 Summon Forest            Summ/Tloc      10%        N/A       77%         5
 Lee's Rapid Deconstruct  Erth           3%         3d5*      98%         5
 Summon Cactus Giant      Summ           3%         N/A       100%        6
 Lehudib's Crystal Spear  Conj/Erth      3%         10d3      100%        8


Dungeon Overview and Level Annotations

Branches:
Dungeon (13/15)            Temple (1/1) D:5            Lair (0/5) D:9
    Orc (0/2) D:11
 Vaults: D:13-14

Altars:
Ashenzari
Cheibriados
Dithmenos
Elyvilon
Fedhas
Gozag
Hepliaklqana
Kikubaaqudgha
Makhleb
Nemelex Xobeh
Okawaru
Qazlal
Ru
Sif Muna
Trog
Uskayaw
Vehumet
Wu Jian
Xom
Yredelemnul
Zin
The Shining One

Shops:
D:10 [   D:11 !

Annotations:
D:11 3 runed translucent doors, Ogru Agg's ghost, journeyman MiHu


Innate Abilities, Weirdness & Mutations

You are very small and have problems with some larger weapons.
You are too small for most types of armour.
You have supernaturally acute eyesight. (SInv)
You cover ground extremely quickly. (Speed+++)


Message History

Casting: Ensorcelled Hibernation (safe; 3% risk of failure)
Confirm with . or Enter, or press ? or * to list all spells.
Aiming: Tukima's Dance (safe; 1% risk of failure)
Press: ? - help, Shift-Dir - straight line, f - meliai
Aim: a meliai, wielding a +0 hand axe and wearing a +0 robe (umbra, chance to affect: 71%)
The +0 hand axe dances into the air!
The meliai hits your +0 hand axe!
Your +0 hand axe falls from the air.
Casting: Tukima's Dance (safe; 1% risk of failure)
Confirm with . or Enter, or press ? or * to list all spells.
Aiming: Tukima's Dance (safe; 1% risk of failure)
Press: ? - help, Shift-Dir - straight line, f - you, p - meliai
Okay, then.
Casting: Tukima's Dance (safe; 1% risk of failure)
Confirm with . or Enter, or press ? or * to list all spells.
Aiming: Ensorcelled Hibernation (safe; 3% risk of failure)
Press: ? - help, Shift-Dir - straight line, f/p - meliai
Aim: a meliai, wearing a +0 robe (umbra, chance to affect: 59%)
The meliai resists with significant effort.
The meliai calls down the wrath of its god upon you.
Something smites you!
Casting: Ensorcelled Hibernation (safe; 3% risk of failure)
Confirm with . or Enter, or press ? or * to list all spells.
Aiming: Ensorcelled Hibernation (safe; 3% risk of failure)
Press: ? - help, Shift-Dir - straight line, f/p - meliai
Aim: a meliai, wearing a +0 robe (umbra, chance to affect: 59%)
The meliai resists with significant effort.
The meliai invokes the aid of its god against you.
Something smites you! The meliai completely misses you.
The meliai closely misses you.
As you read the scroll of teleportation, it crumbles to dust.
You feel strangely unstable.
The meliai mumbles some strange prayers to its god against you.
Something smites you!
The meliai calls down the wrath of its god upon you.
Something smites you!
* * * LOW HITPOINT WARNING * * *
The meliai hits you but does no damage. The meliai closely misses you.
The meliai calls down the wrath of its god upon you.
Something smites you!
You die...

#.####.#.##.##...
... .y..##.###..
##.####.####......
#<.... #.###..
#.... #.#.... #.).
#.##... #..#
#.##... #yy#
#.##.## #@.#
#.####.##.## #..#
#......##.## #..#
#.####.##.## #..#
#.##.## ###..#
#.####.##.##
#....#
#..........#
##...##
######.#.#.#
#....# #.#.#.#
##.#.#
#######.#.#.#


You could see 2 meliai.

Vanquished Creatures
  Gastronok (D:12)
  Fannar (D:10)
  A rakshasa (D:13)
  A centaur warrior (D:13)
  A boulder beetle (D:13)
  2 two-headed ogres
  A skeletal warrior (D:9)
  The ghost of Konar the Skirmisher, a novice CoHu (D:7)
  Pikel (D:7)
  2 deep elf pyromancers (D:13)
  A manticore (D:11)
  A cyclops (D:12)
  2 ugly things
  An unseen horror (D:13)
  4 gargoyles
  Maggie (D:7)
  2 kobold demonologists
  5 trolls
  2 shadows
  5 slime creatures
  23 yaks
  A fire bat (shapeshifter) (D:13)
  A wyvern (D:9)
  A steam dragon (D:8)
  Menkaure (D:7)
  3 vampire mosquitoes (D:12)
  A water moccasin (D:8)
  4 orc warriors
  2 ice beasts (D:7)
  5 black bears
  4 sky beasts
  2 phantoms (D:7)
  2 centaurs (D:9)
  A lemure (D:7)
  4 bullfrogs
  A gnoll sergeant (D:8)
  A scorpion (D:7)
  7 wights
  2 howler monkeys (D:11)
  2 hounds (D:5)
  4 orc priests
  4 bombardier beetles
  5 iguanas
  10 orc wizards
  Natasha (thrice) (D:2)
  4 adders
  2 gnolls (D:8)
  A shadow imp (D:6)
  3 white imps
  A ribbon worm (D:4)
  32 orcs
  5 endoplasms
  6 goblins
  9 hobgoblins
  3 jackals (D:1)
  A quokka (D:4)
  4 ball pythons
  A bat (D:2)
  3 frilled lizards
  5 kobolds
  4 rats
214 creatures vanquished.

Vanquished Creatures (collateral kills)
  An orc warrior (D:11)
  A kobold brigand (D:8)
  2 wights (D:10)
  An orc wizard (D:8)
  2 gnolls (D:8)
  2 orcs (D:11)
  2 kobolds (D:8)
11 creatures vanquished.

Vanquished Creatures (others)
  4 dancing weapons
  A kobold (D:8)
5 creatures vanquished.

Grand Total: 230 creatures vanquished

Notes
Turn   | Place    | Note
-------+----------+-------------------------------------------
     0 | D:1      | BenSoosneb the Spriggan Enchanter began the quest for the
                  | Orb.
     0 | D:1      | Reached XP level 1. HP: 9/9 MP: 5/5
   315 | D:1      | Reached XP level 2. HP: 13/13 MP: 6/6
   333 | D:1      | Learned a level 2 spell: Ensorcelled Hibernation
   498 | D:1      | Found a faded altar of an unknown god.
  1215 | D:2      | Noticed Natasha
  1247 | D:2      | Killed Natasha
  1248 | D:2      | Reached skill level 5 in Stealth
  1248 | D:2      | Reached XP level 3. HP: 12/16 MP: 0/8
  1331 | D:2      | Noticed Natasha
  1393 | D:2      | Killed Natasha
  1394 | D:2      | Reached skill level 5 in Hexes
  1394 | D:2      | Reached XP level 4. HP: 21/21 MP: 6/9
  1639 | D:2      | Noticed Natasha
  1646 | D:2      | Killed Natasha
  2280 | D:3      | Learned a level 3 spell: Confusing Touch
  2371 | D:3      | Found a sacrificial altar of Ru.
  2437 | D:3      | Found a snail-covered altar of Cheibriados.
  2445 | D:3      | Reached XP level 5. HP: 24/24 MP: 7/10
  2727 | D:4      | Found a hide-covered altar of Uskayaw.
  2728 | D:4      | Found an opulent altar of Gozag.
  2728 | D:4      | Found a glowing silver altar of Zin.
  2760 | D:4      | Found an iron altar of Okawaru.
  4400 | D:5      | Entered Level 5 of the Dungeon
  4400 | D:5      | Noticed a black bear
  4403 | D:5      | Killed a black bear
  4404 | D:5      | Reached XP level 6. HP: 28/28 MP: 11/11
  4974 | D:5      | Reached XP level 7. HP: 32/32 MP: 12/12
  5040 | D:5      | Learned a level 3 spell: Tukima's Dance
  5103 | D:5      | Reached skill level 3 in Dodging
  5359 | D:5      | Found a staircase to the Ecumenical Temple.
  5371 | Temple   | Entered the Ecumenical Temple
  5384 | Temple   | Became a worshipper of Dithmenos the Shadowed
  5516 | D:5      | Identified a scroll of acquirement
  5516 | D:5      | Acquired the amulet "Iggoda Xaud" {Reflect rPois Will+
                  | Int+4 SH+5}
  5709 | D:6      | Learned a level 3 spell: Dazzling Flash
  5721 | D:6      | Reached skill level 4 in Dodging
  5751 | D:6      | Reached skill level 5 in Short Blades
  5779 | D:6      | Reached XP level 8. HP: 36/36 MP: 13/13
  5975 | D:6      | Reached skill level 5 in Dodging
  6119 | D:7      | Noticed Pikel
  6356 | D:7      | Reached skill level 6 in Dodging
  6444 | D:7      | Noticed Maggie
  6465 | D:7      | Killed Maggie
  6556 | D:7      | Noticed Menkaure
  6558 | D:7      | Killed Menkaure
  6559 | D:7      | Reached skill level 7 in Dodging
  6571 | D:7      | Reached XP level 9. HP: 39/39 MP: 10/14
  6683 | D:7      | Killed Pikel
  6765 | D:7      | Reached skill level 8 in Dodging
  7379 | D:7      | Found a runed translucent door.
  7384 | D:7      | Noticed Konar's ghost (novice CoHu)
  7531 | D:8      | Reached skill level 10 in Short Blades
  8297 | D:8      | Reached * piety under Dithmenos
  8760 | D:8      | Reached skill level 9 in Dodging
  9112 | D:8      | Reached XP level 10. HP: 44/44 MP: 7/15
  9261 | D:8      | Noticed a two-headed ogre
  9473 | D:8      | Killed a two-headed ogre
  9474 | D:8      | Reached skill level 10 in Dodging
  9827 | D:9      | Noticed a skeletal warrior
  9828 | D:9      | Noticed a skeletal warrior
  9830 | D:9      | Noticed a skeletal warrior
  9830 | D:9      | Noticed a skeletal warrior
  9952 | D:9      | Found a hazy altar of Hepliaklqana.
 10844 | D:9      | Noticed a skeletal warrior
 10849 | D:9      | Found a staircase to the Lair.
 10851 | D:9      | Killed a skeletal warrior
 10852 | D:9      | Reached skill level 10 in Stealth
 10854 | D:9      | Noticed a brown ugly thing
 10874 | D:9      | Killed a brown ugly thing
 11549 | D:7      | Killed Konar's ghost
 11550 | D:7      | Reached skill level 11 in Dodging
 11579 | D:7      | Learned a level 2 spell: Blink
 12103 | D:9      | Reached skill level 1 in Translocations
 12105 | D:9      | Reached XP level 11. HP: 47/47 MP: 11/16
 12117 | D:9      | Reached ** piety under Dithmenos
 12118 | D:9      | Reached skill level 12 in Dodging
 13348 | D:10     | Entered Level 10 of the Dungeon
 13465 | D:10     | Noticed a two-headed ogre
 13472 | D:10     | Killed a two-headed ogre
 13475 | D:10     | Reached skill level 5 in Translocations
 13990 | D:10     | Noticed Fannar
 13999 | D:10     | Killed Fannar
 14048 | D:10     | Reached skill level 13 in Dodging
 14220 | D:10     | Reached skill level 5 in Spellcasting
 14465 | D:10     | Found Qanem's Armour Emporium.
 14647 | D:11     | Found the amulet of Elemental Vulnerability {rPois rF--
                  | rC-- AC+8}
 14686 | D:11     | Found Soczulas's Distillery.
 15045 | D:11     | Reached *** piety under Dithmenos
 15397 | D:11     | Found a staircase to the Orcish Mines.
 15618 | D:11     | Reached skill level 14 in Dodging
 15649 | D:11     | Found a runed translucent gate.
 15649 | D:11     | Found a runed translucent gate.
 15649 | D:11     | Found a runed translucent gate.
 15650 | D:11     | Noticed Ogru Agg's ghost (journeyman MiHu)
 15724 | D:12     | Noticed Gastronok
 15728 | D:12     | Killed Gastronok
 16037 | D:12     | Reached XP level 12. HP: 51/51 MP: 14/22
 16591 | D:13     | Noticed a centaur warrior
 16594 | D:13     | Killed a centaur warrior
 16595 | D:13     | Reached skill level 15 in Dodging
 16674 | D:13     | Noticed a boulder beetle
 16676 | D:13     | Killed a boulder beetle
 16800 | D:13     | Noticed a rakshasa
 16809 | D:13     | Killed a rakshasa
 17687 | D:13     | Killed from afar by a meliai

Illustrated notes

Levels and vault maps discovered:
D:1:      elethiomel_arrival_quiet, layout_loops_ring,
          shapermc_ecumenical_altar_venn, minmay_indecisive_spiral
D:2:      layout_loops_ring, kennysheep_minor_cross, uniq_natasha
D:3:      layout_basic, slow_altar_1, nicolae_ru_awakened_eye
D:4:      layout_gridville, chequers_temple_overflow_statue_of_worship
D:5:      layout_loops_corners, minmay_temple_entry_nine_rooms
D:6:      layout_rooms
D:7:      layout_loops_corners, ebering_ghost_inner_flame, uniq_maggie,
          uniq_menkaure, uniq_pikel
D:8:      layout_cave_pods
D:9:      layout_layer_cave, kennysheep_mini_moat, lair_entry_dummy
D:10:     layout_stronghold, serial_shops, nicolae_shop_tiny_real_fake_doors,
          uniq_fannar
D:11:     layout_small_grid, david_orc_4, serial_shops, nicolae_shop_stone,
          gammafunk_ghost_spectres, minmay_variable_closet
D:12:     layout_long_grid, item_on_display_a, uniq_gastronok
D:13:     layout_basic
Temple:   hellmonk_temple_of_storms

Skill      XL: |  1  2  3  4  5  6  7  8  9 10 11 12 |
---------------+-------------------------------------+-----
Hexes          | 4 5 6 7 8 |  8.0
Stealth        | 5 6 7 13 | 13.7
Short Blades   | 3 5 8 11 12 14 | 14.1
Dodging        | 4 7 9 11 14 15 | 15.0
Translocations | 2 5 |  5.0
Spellcasting   | 6 |  6.0

Action                     |  1- 3 |  4- 6 |  7- 9 | 10-12 || total
---------------------------+-------+-------+-------+-------++-------
  Melee: Dagger            |    43 |    62 |   152 |   267 ||   524
   Cast: Ensorcelled Hiber |    10 |    41 |    42 |    84 ||   177
         Confusing Touch   |       |       |    12 |    23 ||    35
         Tukima's Dance    |       |       |     3 |    25 ||    28
         Dazzling Flash    |       |       |     1 |       ||     1
    Use: Scroll            |       |     5 |     4 |    14 ||    23
         Potion            |       |     2 |       |       ||     2
   Stab: Sleeping          |    14 |    39 |    38 |    77 ||   168
         Distracted        |       |     1 |       |     3 ||     4
         Confused          |       |       |    12 |    18 ||    30
 Armour: Robe              |     9 |    16 |    29 |    36 ||    90
         Skin              |    25 |       |       |       ||    25
         Troll leather arm |       |       |       |    23 ||    23
  Dodge: Dodged            |    42 |    38 |    68 |   142 ||   290
  Block: Other             |       |       |    12 |    34 ||    46
         Reflection        |       |       |     1 |     2 ||     3

Table legend: (Time is in decaauts)
 A = Elapsed time spent in this place.
 B = Non-inter-level travel time spent in this place.
 C = Inter-level travel time spent in this place.
 D = Time resting spent in this place.
 E = Time spent auto-exploring this place.
 F = Levels seen in this place.
 G = Mean time per level.
                   A        B        C        D        E       F      G
               +--------+--------+--------+--------+--------+-----+--------+
         Total |  13390 |  12913 |    477 |   4842 |   5747 |  14 |  956.4 |
       Dungeon |  13377 |  12905 |    472 |   4842 |   5747 |  13 | 1029.0 |
        Temple |     13 |      9 |      4 |      0 |      0 |   1 |   13.0 |
               +--------+--------+--------+--------+--------+-----+--------+

Top non-repeatable levels by time:
     D:9: 2167 daAuts
     D:8: 2151 daAuts
     D:4: 1467 daAuts
     D:7: 1262 daAuts
    D:10: 941 daAuts
     D:2: 917 daAuts
    D:13: 863 daAuts
     D:1: 816 daAuts
    D:11: 755 daAuts
     D:5: 715 daAuts
    D:12: 585 daAuts
     D:6: 475 daAuts
     D:3: 258 daAuts
  Temple: 13 daAuts
